 Dungeon Crawl Stone Soup version 0.32-a0-975-g85d4e5bfdb (webtiles) character file.

Game seed: 16651941409916037097

72 ragingrage the Ruffian (level 4, -1/36 HPs)
             Began as a Ghoul Warper on Apr 19, 2024.
             Slain by an orc wizard
             ... wielding a +0 dagger
              (2 damage)
             ... on level 3 of the Dungeon.
             The game lasted 00:01:29 (1869 turns).

ragingrage the Ruffian (Ghoul Warper)               Turns: 1869, Time: 00:01:29

Health: -1/36      AC:  8    Str: 16    XL:     4   Next: 26%
Magic:  6/6        EV:  9    Int: 12    God:
Gold:   130        SH:  0    Dex:  8    Spells: 6/6 levels left

rFire   . .          .
                       - Unarmed
rCold   + . .        (no shield)
rNeg    + + +        d - +0 ring mail
rPois   ∞            f - +0 helmet
rElec   .            m - +0 cloak
rCorr   .            (no gloves)
SInv    .            p - +0 pair of boots
Will    .....        l - amulet of magic regeneration Stlth
                     (no ring)
HPRegen 0.00/turn    (no ring)
MPRegen 0.50/turn

%: no passive effects
@: inhibited regen
A: claws 1, cold resistance 1, negative energy resistance 3, inhibited
regeneration, torment resistance 2, devour on kill
a: no special abilities


You were on level 3 of the Dungeon.
You visited 1 branch of the dungeon, and saw 3 of its levels.

You collected 130 gold pieces.

Inventory:

Missiles
 c - 7 darts of dispersal (quivered)
 h - 6 boomerangs
Armour
 d - a +0 ring mail (worn)
 f - a +0 helmet (worn)
 m - a +0 cloak (worn)
 p - a +0 pair of boots (worn)
Jewellery
 l - an amulet of magic regeneration (around neck)
Scrolls
 a - 2 scrolls of teleportation
 b - 2 scrolls of blinking
 j - 2 scrolls of immolation
 k - a scroll of vulnerability
Potions
 e - a potion of invisibility {unknown}
 g - a potion of brilliance {unknown}
 i - 2 potions of curing {unknown}
 n - a potion of ambrosia {unknown}
 o - a potion of heal wounds {unknown}


   Skills:
 - Level 2.1 Fighting
 - Level 0.8 Throwing
 - Level 0.8 Armour
 - Level 1.7 Dodging
 + Level 4.8 Unarmed Combat
 - Level 1.7 Spellcasting
 - Level 2.6 Translocations


You had 6 spell levels left.
You didn't know any spells.
Your spell library contained the following spells:

 Spells                   Type           Power      Damage    Failure   Level
 Blink                    Tloc           14%        N/A       26%         2
 Lesser Beckoning         Tloc           14%        N/A       26%         2
 Maxwell's Portable Pile  Tloc           7%         2d(5-15)  47%         3
 Teleport Other           Tloc           7%         N/A       47%         3
 Hailstorm                Conj/Ice       1%         3d5       85%         3
 Summon Ice Beast         Ice/Summ       1%         N/A       85%         3
 Vhi's Electric Charge    Tloc/Air       8%         N/A       97%         4
 Permafrost Eruption      Ice/Erth       0%         2x4d1     100%        6
 Sculpt Simulacrum        Ice/Alch       0%         N/A       100%        6


Dungeon Overview and Level Annotations

Branches:
Dungeon (3/15)

Altars:


Innate Abilities, Weirdness & Mutations

You are immune to poison.
You have sharp fingernails.
Your flesh is cold resistant. (rC+)
You are immune to negative energy. (rN+++)
You do not regenerate when monsters are visible.
You are immune to unholy pain and torment.
You thrive by killing the living.


Message History

You bump into the rock wall.
You hear some strange, mumbled words.
A puff of flame appears from out of thin air!
The puff of flame hits you.
You bump into the rock wall.
You feel less confused. Something hits you but does no damage.
You closely miss something. Something hits you but does no damage.
You scratch something but do no damage.
You hear some strange, mumbled words.
You are confused.
You bump into the rock wall.
You hear some strange, mumbled words.
A magic dart appears from out of thin air!
The magic dart hits you.
You're too confused to move!
Something hits you but does no damage.
You closely miss something.
You hear some strange, mumbled words.
A puff of flame appears from out of thin air!
The puff of flame hits you!
* * * LOW HITPOINT WARNING * * *
You're too confused to move!
Something hits you but does no damage.
You bump into the rock wall.
Something hits you.
* * * LOW HITPOINT WARNING * * *
You completely miss something.
You bump into the rock wall.
Something hits you but does no damage.
You closely miss something.
You feel less confused. Something hits you but does no damage.
You scratch something.
Reactivating autopickup.
An orc wizard appears from thin air!
The orc wizard points at you and mumbles some strange words.
The puff of flame misses you.
You scratch the orc wizard.
The orc wizard casts a spell.
The orc wizard flickers and vanishes!
Deactivating autopickup; reactivate with Ctrl-A.
You barely miss something. Something hits you.
You die...

#..##....#.##.#
#..#####.#.##.#
#.......<#....#
##.####.##.####
####..###....#
#.......###.##
#.####..# #.# #.#
#..# #.# #@#
##.###.# #{#
##.....# #o#
#......#
#o####.....>#
#o#......#.#######
#o##.#.#..........
.......###.#.####.
..##.......#.# ♣.
#########.# ♣.


You could see 4 orcs.

Vanquished Creatures
  3 adders (D:2)
  A dart slug (D:2)
  2 ribbon worms (D:2)
  2 endoplasms (D:1)
  A giant cockroach (D:1)
  5 hobgoblins
  A quokka (D:1)
  5 ball pythons (D:1)
  4 bats
  A frilled lizard (D:1)
  8 goblins
  2 kobolds (D:1)
  3 rats (D:2)
38 creatures vanquished.

Notes
Turn   | Place    | Note
-------+----------+-------------------------------------------
     0 | D:1      | ragingrage the Ghoul Warper began the quest for the Orb.
     0 | D:1      | Reached XP level 1. HP: 17/17 MP: 3/3
   214 | D:1      | Reached XP level 2. HP: 19/24 MP: 4/4
   215 | D:1      | Reached skill level 3 in Unarmed Combat
   565 | D:1      | Found a faded altar of an unknown god.
  1085 | D:1      | Reached XP level 3. HP: 28/29 MP: 5/5
  1155 | D:2      | Reached skill level 4 in Unarmed Combat
  1333 | D:2      | Reached XP level 4. HP: 36/36 MP: 6/6
  1863 | D:3      | HP: 1/36 [something (1)]
  1869 | D:3      | Slain by an orc wizard

Illustrated notes

Levels and vault maps discovered:
D:1:      lemuel_arrival_muddy, layout_basic, basic_ecumenical_altar,
          nrook_mini_backslash, roderic_serpentine_path, minmay_tetromino_s4
D:2:      layout_rooms
D:3:      layout_basic, serial_forest, infiniplex_forest_lined_2,
          infiniplex_forest_clump_double, infiniplex_forest_zigzag_1,
          infiniplex_forest_straight_3, infiniplex_forest_zigzag_1,
          infiniplex_forest_lined_3, chequers_serial_rivers_micro_a

Skill      XL: |  1  2  3 |
---------------+----------+-----
Unarmed Combat | 3 4 |  4.8
Fighting       | |  2.1
Throwing       | |  0.8
Armour         | |  0.8
Dodging        | |  1.7
Spellcasting   | |  1.7
Translocations | |  2.6

Action                     |  1- 3 |  4- 6 || total
---------------------------+-------+-------++-------
  Melee: Unarmed           |    98 |    41 ||   139
         Punch             |     4 |       ||     4
    Use: Scroll            |     2 |     1 ||     3
 Armour: Ring mail         |    81 |    43 ||   124
         Leather armour    |     1 |       ||     1
  Dodge: Dodged            |    49 |     7 ||    56

Table legend: (Time is in decaauts)
 A = Elapsed time spent in this place.
 B = Non-inter-level travel time spent in this place.
 C = Inter-level travel time spent in this place.
 D = Time resting spent in this place.
 E = Time spent auto-exploring this place.
 F = Levels seen in this place.
 G = Mean time per level.
                   A        B        C        D        E       F      G
               +--------+--------+--------+--------+--------+-----+--------+
         Total |   1859 |   1717 |    142 |     14 |   1389 |   3 |  619.7 |
       Dungeon |   1859 |   1717 |    142 |     14 |   1389 |   3 |  619.7 |
               +--------+--------+--------+--------+--------+-----+--------+

Top non-repeatable levels by time:
     D:1: 1144 daAuts
     D:2: 531 daAuts
     D:3: 184 daAuts
